AoeStats
← LuD2550

Arabia

509792903Analyzed
1v1 RM · 2d ago on Sep 28, 2026· 61m 36s· 2 players
Game mode
Random Map
Map size
Tiny (2 player)
Population
200
Speed
Normal
Resources
Standard
Victory
Conquest
Starting age
Dark Age
Ending age
Imperial Age
RankedLock teamsTeams togetherTeam positionsShared explorationLock speedFull tech treeHidden civsTurbo modeCheats
Victory
Defeat
🇦🇷 Chinese · Argentina
816
+15
🇨🇦 Chinese · Canada
799
-15
Blongman
1:06 Loom
12:12 Feudal Age
14:09 Double-Bit Axe
18:22 Castle Age
17:37 Fletching
20:47 Wheelbarrow
23:34 Bodkin Arrow
34:03 Padded Archer Armor
37:45 Imperial Age
38:48 Bracer
39:55 Chemistry
39:24 Ballistics
39:19 Murder Holes
42:53 Leather Archer Armor
42:53 Cavalier
43:43 Bloodlines
43:34 Husbandry
53:58 Scale Barding Armor
LuD2550
0:31 Loom
11:15 Feudal Age
11:49 Double-Bit Axe
18:26 Castle Age
18:50 Wheelbarrow
18:01 Horse Collar
19:39 Bow Saw
21:19 Elite Skirmisher
21:56 Fletching
22:08 Padded Archer Armor
23:01 Bodkin Arrow
24:13 Leather Archer Armor
26:43 Ballistics
27:15 Wheelbarrow
26:27 Town Watch
31:11 Squires
31:35 Thumb Ring
38:52 Imperial Age
38:56 Forging
38:48 Scale Mail Armor
40:39 Chemistry
40:35 Crossbowman
41:02 Light Cavalry
41:52 Bloodlines
43:41 Husbandry
58:44 Bracer
59:00 Chain Mail Armor
59:21 Iron Casting
Connection lost

Rejoining the realm…

Still unreachable

The connection could not be restored.

Session expired

The server has moved on; the page needs a fresh start.